 Dungeon Crawl Stone Soup version 0.19-a0-1714-gcab94ab (webtiles) character file.

118 st0uf the Digger (level 5, 31/31 HPs)
             Began as an Octopode Earth Elementalist on Sept 28, 2016.
             Was a Follower of Okawaru.
             Quit the game on level 4 of the Dungeon.
             The game lasted 00:10:50 (1985 turns).

st0uf the Digger (Octopode Earth Elementalist)      Turns: 1985, Time: 00:10:51

Health: 31/31      AC:  2    Str:  7    XL:     5   Next: 2%
Magic:  8/10       EV: 13    Int: 18    God:    Okawaru [*.....]
Gold:   94         SH:  0    Dex: 13    Spells: 2 memorised, 6 levels left

rFire  . . .     SeeInvis .     (no weapon)
rCold  . . .     Gourm    .     (no shield)
rNeg   . . .     Faith    .     (helmet restricted)
rPois  .         Spirit   .     (no amulet)
rElec  .         Dismiss  .     (no ring)
rCorr  .         Reflect  .     (no ring)
MR     .....     Harm     .     (no ring)
Stlth  +++.......               (no ring)
                                (no ring)
                                (no ring)
                                (no ring)
                                (no ring)

@: no status effects
A: almost no armour, stealthy swim, amphibious, 8 rings, constrict 8, camouflage
1, gelatinous body 1
a: Heroism, Renounce Religion


You were on level 4 of the Dungeon.
You worshipped Okawaru.
Okawaru was aware of your devotion.
You were not hungry.

You visited 1 branch of the dungeon, and saw 4 of its levels.

You collected 94 gold pieces.

Inventory:

Missiles
 b - 53 stones (quivered)
Scrolls
 e - 2 scrolls of amnesia {unknown}
 f - a scroll of identify {unknown}
 h - a scroll of remove curse {unknown}
 i - a scroll of noise {unknown}
 j - a scroll of immolation {unknown}
 l - a scroll of magic mapping {unknown}
 o - a scroll of enchant armour {unknown}
Potions
 k - a potion of agility {unknown}
 n - a potion of berserk rage {unknown}
 p - 2 potions of mutation {unknown}
Books
 d - a book of Geomancy

   Spells                             Type                      Level
   a - Sandblast                      Earth                        1
   b - Passwall                       Transmutation/Earth          2
   c - Stone Arrow                    Conjuration/Earth            3
   d - Petrify                        Transmutation/Earth          4
   e - Lee's Rapid Deconstruction     Earth                        5
Comestibles
 a - a beef jerky
 c - 2 bread rations
 g - 4 chunks of flesh
 m - 3 meat rations


   Skills:
 - Level 2.0 Dodging
 - Level 2.6 Stealth
 * Level 3.4 Spellcasting
 + Level 1.1 Conjurations
   Level 1.0 Transmutations
 + Level 4.2 Earth Magic


You had 6 spell levels left.
You knew the following spells:

 Your Spells              Type           Power        Failure   Level  Hunger
a - Sandblast             Erth           ###...       2%          1    None
b - Stone Arrow           Conj/Erth      ##....       17%         3    ###....


Dungeon Overview and Level Annotations

Branches:
Dungeon (4/15)
 Temple: D:4-7

Altars:
Makhleb
Okawaru
Qazlal

Annotations:
D:3 Robin, Sigmund


Innate Abilities, Weirdness & Mutations

You cannot wear most types of armour.
You are very stealthy in the water.
You are amphibious.
You can wear up to eight rings at the same time.
You can use your tentacles to constrict eight enemies at once.
Your skin changes colour to match your surroundings (Stealth+).
Your rubbery body absorbs attacks. (AC +1, EV +1)


Message History

The goblin hits you but does no damage.
Casting: Sandblast
Confirm with . or Enter, or press ? or * to list all spells.
Aiming: Sandblast
Press: ? - help, Shift-Dir - straight line, f - goblin
Aim: a goblin, wielding a dagger The blast of sand hits the goblin.
You kill the goblin!
Okawaru accepts your kill.
You see here a bat corpse.
You butcher the bat corpse.
g - 4 chunks of flesh (gained 1)
There is a stone staircase leading down here.
You climb downwards.
Found a stone staircase leading down and a stone staircase leading up.
There is a stone staircase leading up here.
Found 14 bolts.
Found a robe.
Found a stone staircase leading down.
Found a stormy altar of Qazlal.
Are you sure you want to abandon this character and quit the game? (Confirm with "yes".)

#.#... # ###....# .## #
## ......###..( .. .#
.........# ... #≈###
#..#.....#. ...^ #...#
##..#....... ..^#≈#^..#
#.<.#....... ≈.≈.^^...#
#...........
§_.....@.####...........
^.≈...^..##.............
§.≈##§.........#........
. ##^.....>.....###...
#^...#........# ##
^^.....#.....#..<.
..............#####>
.......##.....#
.............[..


There were no monsters in sight!

Vanquished Creatures
  5 adders (D:2)
  2 dart slugs
  2 leopard geckos (D:1)
  10 bats
  3 giant cockroaches (D:1)
  10 goblins
  2 hobgoblins
  7 jackals
  12 kobolds
  A frilled lizard (D:3)
  9 rats
63 creatures vanquished.

Vanquished Creatures (others)
  2 plants (D:1)
2 creatures vanquished.

Grand Total: 65 creatures vanquished

Notes
Turn   | Place    | Note
-------+----------+-------------------------------------------
     0 | D:1      | st0uf the Octopode Earth Elementalist began the quest for the Orb.
     0 | D:1      | Reached XP level 1. HP: 11/11 MP: 3/3
   122 | D:1      | Reached XP level 2. HP: 17/17 MP: 1/5
   686 | D:1      | Reached XP level 3. HP: 21/21 MP: 2/6
  1050 | D:2      | Found a burning altar of Makhleb.
  1115 | D:2      | Reached skill level 4 in Earth Magic
  1125 | D:2      | Learned a level 3 spell: Stone Arrow
  1132 | D:2      | Reached XP level 4. HP: 27/27 MP: 4/8
  1459 | D:3      | Found a faded altar of an unknown god.
  1466 | D:3      | Became a worshipper of Warmaster Okawaru
  1466 | D:3      | Reached * piety under Okawaru
  1473 | D:3      | Noticed Sigmund
  1550 | D:2      | Reached skill level 1 in Conjurations
  1709 | D:3      | Noticed Robin
  1953 | D:2      | Reached XP level 5. HP: 28/31 MP: 6/10
  1983 | D:4      | Found a stormy altar of Qazlal.
  1985 | D:4      | Quit the game

Vault maps used:
D:1:      dpeg_arrival_rooms_a, lexackson_kobold_supper
D:2:      lemuel_crystal_altar
D:3:      zin_angel, nicolae_overflow_hidden_temple, ecumenical_altar_2,
          minmay_misc_feat_doors, minmay_misc_feat_alley, uniq_sigmund,
          uniq_robin
D:4:      first_bread, serial_shops, shop, grunt_qazlal_sundering

Skill      XL: |  1  2  3  4 |
---------------+-------------+-----
Earth Magic    | 4 |  4.2
Spellcasting   | 3 |  3.4
Conjurations   | 1 |  1.1
Dodging        | |  2.0
Stealth        | |  2.6
Transmutations | |  1.0

Action                   |  1- 3 |  4- 6 || total
-------------------------+-------+-------++-------
Melee: Unarmed           |    54 |     1 ||    55
       Constrict         |    17 |       ||    17
       Tentacles         |    12 |       ||    12
 Cast: Sandblast         |    47 |    49 ||    96
 Stab: Sleeping          |     2 |       ||     2
  Eat: Chunk             |     1 |     3 ||     4
Armor: Skin              |    20 |    17 ||    37
Dodge: Dodged            |    48 |    39 ||    87
